APP
KINGSPORT METS @ PHILADELPHIA (APP) PHILLIES
07/14/2044
 
TOP OF THE 1ST
Kingsport Mets batting - Pitching for Philadelphia (APP) Phillies : LHP Eddie San Miguel
Pitching: LHP Eddie San Miguel
Batting: SHB Callum Lynch 0-0: Ball
1-0: Swinging Strike
1-1: Ball
2-1: Called Strike
2-2: Ground out 5-3 (Groundball, 56, EV 87.5 MPH)
Batting: RHB Jack Nickleberry 0-0: Ball
1-0: Ball
2-0: Foul Ball, location: 2F
2-1: Ball
3-1: Base on Balls
Batting: RHB Steve Page 0-0: Ball
1-0: DOUBLE (Line Drive, 8LXD, EV 103.8 MPH)
Jack Nickleberry to third
Runner from 3rd tries for Home, SAFE, throw by CF to home
Batting: RHB Kyle Holland 0-0: Ball
1-0: Ball
2-0: Ball
3-0: Called Strike
3-1: Base on Balls
Batting: SHB Jason Evans 0-0: Ball
1-0: Fielders Choice at 2nd, 6-4 (Groundball, 56, EV 86.9 MPH)
Steve Page to third
Batting: RHB Danny Runberg 0-0: DOUBLE (Line Drive, 78D, EV 100.6 MPH)
Steve Page scores
Jason Evans to third
Batting: RHB Coltin Nellis 0-0: Ground out 4-3 (Groundball, 4, EV 88.8 MPH)
Top of the 1st over - 2 runs, 2 hits, 0 errors, 2 left on base; Kingsport 2 - Philadelphia (APP) 0
BOTTOM OF THE 1ST
Philadelphia (APP) Phillies batting - Pitching for Kingsport Mets : RHP Wei-hong Qi
Pitching: RHP Wei-hong Qi
Batting: LHB Matt Urbanek 0-0: Called Strike
0-1: Ball
1-1: Foul Ball, location: 2F
1-2: Foul Ball, location: 2F
1-2: Foul Ball, location: 2F
1-2: SINGLE (Groundball, 5S, EV 66.9 MPH) (infield hit)
Batting: RHB Carlos Morejon 0-0: Ball
Matt Urbanek steals 2nd base
1-0: Ball
2-0: Called Strike
2-1: Foul Ball, location: 2F
2-2: Ground out 6-3 (Groundball, 6, EV 107.5 MPH)
Batting: RHB Kyle Reilly 0-0: Ball
1-0: SINGLE (Line Drive, 8LS, EV 94.4 MPH)
Matt Urbanek to third
Runner from 3rd tries for Home, SAFE, throw by CF to home
Batting: RHB Seung-mun Kim 0-0: Called Strike
0-1: Ball
1-1: Ball
2-1: Foul Ball, location: 2F
2-2: Strikes out swinging
Kyle Reilly steals 2nd, throwing error, E2
Kyle Reilly to third
Batting: LHB Eric Farren 0-0: Ball
1-0: Ball
2-0: TRIPLE (Flyball, 78XD, EV 104.4 MPH)
Kyle Reilly scores
Batting: LHB Danny Zuniga 0-0: Foul Ball, location: 2F
0-1: SINGLE (Groundball, 34D, EV 101.3 MPH)
Eric Farren scores
Batting: RHB Vaclav Been 0-0: Called Strike
0-1: Called Strike
0-2: Ball
1-2: Ball
2-2: Fly out, F9 (Flyball, 9LS, EV 85.6 MPH)
Bottom of the 1st over - 3 runs, 4 hits, 1 error, 1 left on base; Kingsport 2 - Philadelphia (APP) 3
TOP OF THE 2ND
Kingsport Mets batting - Pitching for Philadelphia (APP) Phillies : LHP Eddie San Miguel
Batting: RHB Jerry Burch 0-0: Ball
1-0: Ball
2-0: Swinging Strike
2-1: Ground out 5-3 (Groundball, 56S, EV 86.9 MPH)
Batting: LHB Mototsune Suzuki 0-0: Called Strike
0-1: Called Strike
0-2: Ball
1-2: Ball
2-2: Strikes out swinging
Batting: SHB Callum Lynch 0-0: Ball
1-0: Ball
2-0: Ball
3-0: Base on Balls
Batting: RHB Jack Nickleberry Pickoff Throw to First - Error! E1
Callum Lynch to second
0-0: Called Strike
0-1: Fly out, F6 (Popup, 6S, EV 73.8 MPH)
Top of the 2nd over - 0 runs, 0 hits, 1 error, 1 left on base; Kingsport 2 - Philadelphia (APP) 3
BOTTOM OF THE 2ND
Philadelphia (APP) Phillies batting - Pitching for Kingsport Mets : RHP Wei-hong Qi
Batting: RHB Mark Schultz 0-0: Foul Ball, location: 2F
0-1: Foul Ball, location: 2F
0-2: Ball
1-2: Ball
2-2: Foul Ball, location: 2F
2-2: Foul Ball, location: 2F
2-2: Ground out 6-3 (Groundball, 6, EV 103.1 MPH)
Batting: RHB Gary Sampson 0-0: Fly out, F7 (Flyball, 7LM, EV 74.4 MPH)
Batting: LHB Matt Urbanek 0-0: Called Strike
0-1: Ball
1-1: TRIPLE (Flyball, 7LD, EV 109.4 MPH)
Batting: RHB Carlos Morejon 0-0: Fly out, F9 (Flyball, 89M, EV 76.3 MPH)
Bottom of the 2nd over - 0 runs, 1 hit, 0 errors, 1 left on base; Kingsport 2 - Philadelphia (APP) 3
TOP OF THE 3RD
Kingsport Mets batting - Pitching for Philadelphia (APP) Phillies : LHP Eddie San Miguel
Batting: RHB Steve Page 0-0: Ball
1-0: Ball
2-0: Ball
3-0: Called Strike
3-1: Base on Balls
Batting: RHB Kyle Holland 0-0: Ball
1-0: Ball
2-0: Called Strike
2-1: Ball
3-1: Called Strike
3-2: SINGLE (Groundball, 56D, EV 94.4 MPH)
Steve Page to second
Batting: SHB Jason Evans 0-0: DOUBLE (Line Drive, 3D, EV 100.0 MPH)
Steve Page scores
Kyle Holland to third
Batting: RHB Danny Runberg 0-0: Ball
1-0: Ball
2-0: Ball
3-0: Called Strike
3-1: Swinging Strike
3-2: Base on Balls
Batting: RHB Coltin Nellis 0-0: Ball
1-0: Called Strike
1-1: Called Strike
1-2: Fly out, F8 (Flyball, 8LS, EV 90.6 MPH)
Batting: RHB Jerry Burch 0-0: Ball
1-0: Foul Ball, location: 2F
1-1: Fielders Choice at 2nd, 5-4 (Groundball, 56, EV 103.1 MPH)
Kyle Holland scores
Jason Evans to third
Batting: LHB Mototsune Suzuki 0-0: Fielders Choice at 2nd, 5-4 (Groundball, 56, EV 88.1 MPH)
Top of the 3rd over - 2 runs, 2 hits, 0 errors, 2 left on base; Kingsport 4 - Philadelphia (APP) 3
BOTTOM OF THE 3RD
Philadelphia (APP) Phillies batting - Pitching for Kingsport Mets : RHP Wei-hong Qi
Batting: RHB Kyle Reilly 0-0: Ground out U3 (Groundball, 34S, EV 87.5 MPH)
Batting: RHB Seung-mun Kim 0-0: SINGLE (Line Drive, 7LS, EV 101.9 MPH)
Batting: LHB Eric Farren 0-0: Called Strike
0-1: Swinging Strike
0-2: Strikes out looking
Batting: LHB Danny Zuniga 0-0: Ball
1-0: Foul Ball, location: 2F
1-1: Foul Ball, location: 2F
1-2: Ball
2-2: Foul Ball, location: 2F
2-2: Strikes out looking
Bottom of the 3rd over - 0 runs, 1 hit, 0 errors, 1 left on base; Kingsport 4 - Philadelphia (APP) 3
TOP OF THE 4TH
Kingsport Mets batting - Pitching for Philadelphia (APP) Phillies : LHP Eddie San Miguel
Batting: SHB Callum Lynch 0-0: Swinging Strike
0-1: Swinging Strike
0-2: Ball
1-2: DOUBLE (Groundball, 3L, EV 106.9 MPH)
Batting: RHB Jack Nickleberry 0-0: Ball
1-0: Ball
2-0: Called Strike
2-1: Ball
3-1: Ground out 6-3 (Groundball, 6, EV 98.1 MPH)
Batting: RHB Steve Page 0-0: Ball
Wild Pitch!
Callum Lynch to third
1-0: DOUBLE (Flyball, 89XD, EV 98.1 MPH)
Callum Lynch scores
Pitching: RHP Tony Trevino
Batting: RHB Kyle Holland 0-0: Called Strike
0-1: Swinging Strike
0-2: Strikes out looking
Batting: SHB Jason Evans 0-0: Ball
1-0: Ground out 6-3 (Groundball, 6, EV 109.4 MPH)
Top of the 4th over - 1 run, 2 hits, 0 errors, 1 left on base; Kingsport 5 - Philadelphia (APP) 3
BOTTOM OF THE 4TH
Philadelphia (APP) Phillies batting - Pitching for Kingsport Mets : RHP Wei-hong Qi
Batting: RHB Vaclav Been 0-0: Called Strike
0-1: Ground out 6-3 (Groundball, 6S, EV 77.5 MPH)
Batting: RHB Mark Schultz 0-0: Ball
1-0: Foul Ball, location: 2F
1-1: Swinging Strike
1-2: Ball
2-2: Foul Ball, location: 2F
2-2: SINGLE (Line Drive, 4MD, EV 104.4 MPH)
Batting: RHB Gary Sampson 0-0: Ball
Mark Schultz is caught stealing 2nd base 2-4
1-0: Called Strike
1-1: Ground out 5-3 (Groundball, 56S, EV 66.9 MPH)
Bottom of the 4th over - 0 runs, 1 hit, 0 errors, 0 left on base; Kingsport 5 - Philadelphia (APP) 3
TOP OF THE 5TH
Kingsport Mets batting - Pitching for Philadelphia (APP) Phillies : RHP Tony Trevino
Batting: RHB Danny Runberg 0-0: Called Strike
0-1: Swinging Strike
0-2: Ball
1-2: Ball
2-2: Strikes out swinging
Batting: RHB Coltin Nellis 0-0: SINGLE (Line Drive, 5L, EV 95.0 MPH)
Batting: RHB Jerry Burch 0-0: Ball
1-0: Ball
2-0: Called Strike
2-1: Foul Ball, location: 2F
2-2: Foul Ball, location: 2F
2-2: Ball
3-2: Fly out, F9 (Flyball, 9LS, EV 86.3 MPH)
Batting: LHB Mototsune Suzuki 0-0: Swinging Strike
0-1: Swinging Strike
0-2: Foul Ball, location: 2F
0-2: Ball
1-2: Strikes out looking
Top of the 5th over - 0 runs, 1 hit, 0 errors, 1 left on base; Kingsport 5 - Philadelphia (APP) 3
BOTTOM OF THE 5TH
Philadelphia (APP) Phillies batting - Pitching for Kingsport Mets : RHP Wei-hong Qi
Batting: LHB Matt Urbanek 0-0: Ground out 6-3 (Groundball, 6, EV 98.1 MPH)
Batting: RHB Carlos Morejon 0-0: Ball
1-0: Ball
2-0: SOLO HOME RUN (Line Drive, 7LD, EV 95.6 MPH), Distance : 341 ft
Batting: RHB Kyle Reilly 0-0: Ball
1-0: Swinging Strike
1-1: SINGLE (Groundball, 6S, EV 66.9 MPH) (infield hit)
Batting: RHB Seung-mun Kim 0-0: Ball
Kyle Reilly is caught stealing 2nd base 2-4
1-0: Ball
2-0: Called Strike
2-1: Fly out, F8 (Flyball, 8RD, EV 100.6 MPH)
Bottom of the 5th over - 1 run, 2 hits, 0 errors, 0 left on base; Kingsport 5 - Philadelphia (APP) 4
TOP OF THE 6TH
Kingsport Mets batting - Pitching for Philadelphia (APP) Phillies : RHP Tony Trevino
Batting: SHB Callum Lynch 0-0: Called Strike
0-1: Ball
1-1: Ball
2-1: Ball
3-1: Foul Ball, location: 2F
3-2: SINGLE (Groundball, 56D, EV 98.8 MPH)
Batting: RHB Jack Nickleberry 0-0: Foul Ball, location: 2F
0-1: Ball
1-1: Swinging Strike
1-2: Strikes out swinging
Batting: RHB Steve Page 0-0: Called Strike
0-1: Ball
1-1: Ball
2-1: Called Strike
2-2: Strikes out looking
Pitching: RHP Georgs Felitti
Batting: RHB Kyle Holland 0-0: Ball
1-0: Called Strike
Callum Lynch steals 2nd base
1-1: Ball
2-1: Called Strike
2-2: Fly out, F6 (Flyball, 6D, EV 85.0 MPH)
Top of the 6th over - 0 runs, 1 hit, 0 errors, 1 left on base; Kingsport 5 - Philadelphia (APP) 4
BOTTOM OF THE 6TH
Philadelphia (APP) Phillies batting - Pitching for Kingsport Mets : RHP Wei-hong Qi
Batting: LHB Eric Farren 0-0: Ball
1-0: Ball
2-0: Swinging Strike
2-1: Called Strike
2-2: Strikes out swinging
Batting: LHB Danny Zuniga 0-0: Ball
1-0: Ball
2-0: Ball
3-0: Called Strike
3-1: Foul Ball, location: 2F
3-2: Base on Balls
Batting: RHB Vaclav Been 0-0: Ball
1-0: DOUBLE (Line Drive, 89D, EV 113.1 MPH)
Danny Zuniga to third
Runner from 3rd tries for Home, SAFE, no throw by CF
Batting: RHB Mark Schultz 0-0: Called Strike
0-1: Foul Ball, location: 2F
0-2: Strikes out swinging
Batting: RHB Gary Sampson 0-0: Ball
1-0: Ball
2-0: Ball
3-0: Foul Ball, location: 2F
3-1: Called Strike
3-2: Base on Balls
Batting: LHB Matt Urbanek 0-0: Ball
1-0: Ball
2-0: Called Strike
2-1: Foul Ball, location: 2F
2-2: Foul Ball, location: 2F
2-2: Foul Ball, location: 2F
2-2: Ball
3-2: Fly out, F8 (Flyball, 78M, EV 90.0 MPH)
Bottom of the 6th over - 1 run, 1 hit, 0 errors, 2 left on base; Kingsport 5 - Philadelphia (APP) 5
TOP OF THE 7TH
Kingsport Mets batting - Pitching for Philadelphia (APP) Phillies : RHP Georgs Felitti
Batting: SHB Jason Evans 0-0: Called Strike
0-1: Foul Ball, location: 2F
0-2: Strikes out swinging, 2-3 out at first.
Batting: RHB Danny Runberg 0-0: Ball
1-0: Ground out 6-3 (Groundball, 6S, EV 61.3 MPH)
Batting: RHB Coltin Nellis 0-0: Ball
1-0: Called Strike
1-1: Foul Ball, location: 2F
1-2: Ball
2-2: Ground out 5-3 (Groundball, 56, EV 108.1 MPH)
Top of the 7th over - 0 runs, 0 hits, 0 errors, 0 left on base; Kingsport 5 - Philadelphia (APP) 5
BOTTOM OF THE 7TH
Philadelphia (APP) Phillies batting - Pitching for Kingsport Mets : RHP Wei-hong Qi
Pitching: RHP Danny Helm
Batting: RHB Carlos Morejon 0-0: Ball
1-0: Ball
2-0: Fly out, F8 (Flyball, 8LS, EV 92.5 MPH)
Batting: RHB Kyle Reilly 0-0: Called Strike
0-1: Swinging Strike
0-2: Strikes out looking
Batting: RHB Seung-mun Kim 0-0: Called Strike
0-1: Ball
1-1: Ball
2-1: Ball
3-1: Called Strike
3-2: Foul Ball, location: 2F
3-2: Base on Balls
Batting: LHB Eric Farren 0-0: Fly out, F9 (Flyball, 9S, EV 96.9 MPH)
Bottom of the 7th over - 0 runs, 0 hits, 0 errors, 1 left on base; Kingsport 5 - Philadelphia (APP) 5
TOP OF THE 8TH
Kingsport Mets batting - Pitching for Philadelphia (APP) Phillies : RHP Georgs Felitti
Batting: RHB Jerry Burch 0-0: Called Strike
0-1: Ball
1-1: Ball
2-1: Foul Ball, location: 2F
2-2: Ground out 4-3 (Groundball, 4, EV 88.1 MPH)
Batting: LHB Mototsune Suzuki 0-0: Foul Ball, location: 2F
0-1: Called Strike
0-2: Ball
1-2: Foul Ball, location: 2F
1-2: Strikes out swinging
Batting: SHB Callum Lynch 0-0: Foul Ball, location: 2F
0-1: Ball
1-1: Swinging Strike
1-2: Foul Ball, location: 2F
1-2: Strikes out looking
Top of the 8th over - 0 runs, 0 hits, 0 errors, 0 left on base; Kingsport 5 - Philadelphia (APP) 5
BOTTOM OF THE 8TH
Philadelphia (APP) Phillies batting - Pitching for Kingsport Mets : RHP Danny Helm
Batting: LHB Danny Zuniga 0-0: Called Strike
0-1: Ball
1-1: Single, Error in OF, E8, batter to second base (Groundball, 4MD, EV 100.6 MPH)
Batting: RHB Vaclav Been 0-0: Called Strike
0-1: Foul Ball, location: 2F
0-2: Foul Ball, location: 2F
0-2: Ball
1-2: Ball
2-2: Ball
3-2: Base on Balls
Batting: RHB Mark Schultz 0-0: Bunt missed!
0-1: Bunted foul
0-2: Ball
1-2: Foul Ball, location: 2F
1-2: SINGLE (Groundball, 56S, EV 98.8 MPH)
Danny Zuniga to third
Vaclav Been to second
Runner from 3rd tries for Home, throw by LF and OUT! 7-2
Pitching: RHP Thomas Clark
Batting: RHB Gary Sampson 0-0: Called Strike
0-1: Grounds into double play, 4-6-3 (Groundball, 4, EV 84.4 MPH)
Bottom of the 8th over - 0 runs, 2 hits, 1 error, 1 left on base; Kingsport 5 - Philadelphia (APP) 5
TOP OF THE 9TH
Kingsport Mets batting - Pitching for Philadelphia (APP) Phillies : RHP Georgs Felitti
Pitching: RHP Lucas McPhillie
Pinch Hitting: SHB Alex Marcial 0-0: Called Strike
0-1: Foul Ball, location: 2F
0-2: Ball
1-2: Foul Ball, location: 2F
1-2: Strikes out looking
Batting: RHB Steve Page 0-0: SOLO HOME RUN (Line Drive, 7D, EV 105.0 MPH), Distance : 376 ft
Batting: RHB Kyle Holland 0-0: Called Strike
0-1: Swinging Strike
0-2: Ball
1-2: Strikes out looking
Batting: SHB Jason Evans 0-0: Called Strike
0-1: Fly out, F9 (Line Drive, 9, EV 106.3 MPH)
Top of the 9th over - 1 run, 1 hit, 0 errors, 0 left on base; Kingsport 6 - Philadelphia (APP) 5
BOTTOM OF THE 9TH
Philadelphia (APP) Phillies batting - Pitching for Kingsport Mets : RHP Thomas Clark
Now at 2B: Alec Taylor
Batting: LHB Matt Urbanek 0-0: Ball
1-0: Ball
2-0: DOUBLE (Flyball, 89XD, EV 90.0 MPH)
Batting: RHB Carlos Morejon 0-0: Called Strike
0-1: Ball
1-1: Called Strike
1-2: Ball
2-2: Strikes out looking
Batting: RHB Kyle Reilly 0-0: Ball
1-0: Called Strike
1-1: Ball
2-1: Swinging Strike
2-2: Foul Ball, location: 2F
2-2: Foul Ball, location: 2F
2-2: Foul Ball, location: 2F
2-2: Foul Ball, location: 2F
2-2: Ball
3-2: Fly out, F9 (Flyball, 9, EV 88.1 MPH)
Pitching: LHP Tony Diaz
Batting: RHB Seung-mun Kim 0-0: Ball
1-0: Ball
2-0: Ball
3-0: Base on Balls
Pinch Hitting: RHB Eduardo Calderon 0-0: Ground out U3 (Groundball, 34S, EV 64.4 MPH)
Bottom of the 9th over - 0 runs, 1 hit, 0 errors, 2 left on base; Kingsport 6 - Philadelphia (APP) 5
Thursday, March 31st , 2022 - OOTP Baseball 22.12 Build 89